[ AOE2 MATCH · #506978150 ]
UnrankedPersians vs Britons
Player's team · LOSS
[ REPLAY ANALYSIS · EXTRACTED FROM THE RECORDED GAME ]
Feudal
8:49
Castle
20:40
Imperial
—
| APM avg | 70.4 |
| APM peak | 126 |
| eAPM avg | 22.9 |
| Villagers / military | 72 / 31 |
Focus
⚔️ 34.6% · 🌾 65.4%
Knight ×18 · Scout Cavalry ×13
Feudal
9:45
Castle
23:55
Imperial
—
| APM avg | 48.6 |
| APM peak | 103 |
| eAPM avg | 16.2 |
| Villagers / military | 51 / 44 |
Focus
⚔️ 35.4% · 🌾 64.6%
Archer ×41 · Militia ×3
Feudal
9:25
Castle
23:29
Imperial
—
| APM avg | 56.5 |
| APM peak | 103 |
| eAPM avg | 31.2 |
| Villagers / military | 48 / 54 |
Focus
⚔️ 55.9% · 🌾 44.1%
Archer ×54
Feudal
9:20
Castle
—
Imperial
—
| APM avg | 110.1 |
| APM peak | 192 |
| eAPM avg | 53.6 |
| Villagers / military | 38 / 47 |
Focus
⚔️ 78.4% · 🌾 21.6%
Archer ×47
Feudal
8:25
Castle
24:21
Imperial
—
| APM avg | 48.8 |
| APM peak | 102 |
| eAPM avg | 18.0 |
| Villagers / military | 57 / 27 |
Focus
⚔️ 36.3% · 🌾 63.7%
Scout Cavalry ×16 · Knight ×8 · Militia ×2 · Monk ×1
Feudal
9:08
Castle
23:10
Imperial
—
| APM avg | 52.5 |
| APM peak | 82 |
| eAPM avg | 14.3 |
| Villagers / military | 45 / 31 |
Focus
⚔️ 31.0% · 🌾 69.0%
Scout Cavalry ×20 · Knight ×11
Feudal
10:00
Castle
23:19
Imperial
—
| APM avg | 43.2 |
| APM peak | 107 |
| eAPM avg | 13.2 |
| Villagers / military | 48 / 26 |
Focus
⚔️ 33.9% · 🌾 66.1%
Scout Cavalry ×21 · Knight ×4 · Scorpion ×1
Feudal
9:17
Castle
24:49
Imperial
—
| APM avg | 71.3 |
| APM peak | 111 |
| eAPM avg | 23.1 |
| Villagers / military | 57 / 54 |
Focus
⚔️ 36.9% · 🌾 63.1%
Archer ×53 · Spearman ×1
Match map
Initial resources + every placement click. Lines = walls · curves = elevation contours. ◆ gold · ⬟ stone · ● berries · ✦ relic · ◌ wall gap
Your base· ✓ Closed at 20:40 · 53t walls · no gate
BTJ | Leoqueen's base· ✓ Closed at 23:55 · 9t walls · 1 gate(s)
|FMG| TINCHO's base· Open — 7t gap
BTJ | ThC_Lobo's base· Open — 4t gap
|FMG| twitch/JabsUY's base· Open — 5t gap
tANKE's base· ✓ Closed at 23:10 · 35t walls · no gate
BTJ | fakin pons's base· Open — 8t gap
FMG | Sawasha Takohida's base· ✓ Closed at 24:49 · 39t walls · no gate
Smoothed initial terrain · ◌ = detected wall gap · hover for details
Inputs per minute
— FMG | Camilo - - BTJ | Leoqueen
Build order — FMG | Camilo
First 150 of 203 actions detected
| 0:00 | Queue | Villager (Male) |
| 0:00 | Queue | Villager (Male) |
| 0:01 | Queue | Villager (Male) |
| 0:01 | Queue | Villager (Male) |
| 0:02 | Build | House |
| 0:03 | Build | House |
| 0:06 | Queue | Villager (Male) |
| 0:07 | Queue | Villager (Male) |
| 1:26 | Queue | Villager (Male) |
| 1:56 | Queue | Villager (Male) |
| 2:13 | Queue | Villager (Male) |
| 2:39 | Queue | Villager (Male) |
| 3:01 | Queue | Villager (Male) |
| 3:31 | Build | House |
| 3:33 | Queue | Villager (Male) |
| 3:39 | Build | Mill |
| 3:55 | Queue | Villager (Male) |
| 4:13 | Queue | Villager (Male) |
| 4:13 | Queue | Villager (Male) |
| 4:47 | Build | Lumber Camp |
| 5:03 | Queue | Villager (Male) |
| 5:04 | Queue | Villager (Male) |
| 5:19 | Build | House |
| 5:27 | Queue | Villager (Male) |
| 5:30 | Build | House |
| 6:08 | Research | Loom |
| 6:37 | Research | Feudal Age |
| 7:18 | Build | Barracks |
| 8:12 | Build | House |
| 8:12 | Build | Palisade Wall |
| 8:39 | Queue | Villager (Male) |
| 8:49 | Age | Feudal Age |
| 8:50 | Build | Stable |
| 8:52 | Research | Double-Bit Axe |
| 9:00 | Queue | Villager (Male) |
| 9:14 | Build | Mill |
| 9:17 | Queue | Villager (Male) |
| 9:21 | Build | Palisade Wall |
| 9:22 | Build | House |
| 9:48 | Build | Palisade Wall |
| 9:57 | Queue | Villager (Male) |
| 10:03 | Queue | Scout Cavalry |
| 10:04 | Research | Horse Collar |
| 10:14 | Build | Palisade Wall |
| 10:19 | Queue | Scout Cavalry |
| 10:21 | Queue | Villager (Male) |
| 10:23 | Build | Farm |
| 10:26 | Build | Farm |
| 10:48 | Build | Farm |
| 10:49 | Queue | Villager (Male) |
| 10:49 | Queue | Scout Cavalry |
| 11:02 | Build | Farm |
| 11:10 | Queue | Villager (Male) |
| 11:21 | Build | House |
| 11:24 | Build | Farm |
| 11:26 | Queue | Villager (Male) |
| 11:35 | Build | House |
| 11:36 | Build | Palisade Wall |
| 11:36 | Queue | Scout Cavalry |
| 11:48 | Build | Palisade Wall |
| 11:51 | Queue | Villager (Male) |
| 11:53 | Build | Farm |
| 12:03 | Build | Farm |
| 12:09 | Build | Palisade Wall |
| 12:11 | Build | Palisade Wall |
| 12:15 | Queue | Scout Cavalry |
| 12:21 | Queue | Villager (Male) |
| 12:36 | Build | Farm |
| 12:41 | Queue | Villager (Male) |
| 12:41 | Queue | Villager (Male) |
| 12:57 | Build | Farm |
| 12:59 | Build | Farm |
| 13:02 | Build | Farm |
| 13:04 | Queue | Villager (Male) |
| 13:07 | Build | Farm |
| 13:12 | Build | Palisade Wall |
| 13:13 | Build | Palisade Wall |
| 13:18 | Queue | Scout Cavalry |
| 13:36 | Queue | Villager (Male) |
| 13:41 | Build | House |
| 13:42 | Build | Palisade Wall |
| 13:46 | Queue | Villager (Male) |
| 13:49 | Build | Farm |
| 13:50 | Build | Farm |
| 13:53 | Queue | Villager (Male) |
| 13:55 | Queue | Scout Cavalry |
| 14:02 | Queue | Villager (Male) |
| 14:27 | Build | Blacksmith |
| 14:29 | Build | Palisade Wall |
| 14:34 | Build | House |
| 14:35 | Build | Palisade Wall |
| 14:41 | Queue | Villager (Male) |
| 14:44 | Queue | Scout Cavalry |
| 14:59 | Queue | Scout Cavalry |
| 14:59 | Queue | Villager (Male) |
| 15:02 | Build | Farm |
| 15:05 | Build | Farm |
| 15:14 | Research | Scale Barding Armor |
| 15:20 | Queue | Scout Cavalry |
| 15:23 | Queue | Villager (Male) |
| 15:31 | Queue | Scout Cavalry |
| 15:49 | Build | Farm |
| 15:51 | Build | Farm |
| 15:56 | Queue | Villager (Male) |
| 16:00 | Build | Mining Camp |
| 16:14 | Research | Wheelbarrow |
| 16:17 | Queue | Scout Cavalry |
| 17:13 | Queue | Villager (Male) |
| 17:42 | Build | Lumber Camp |
| 17:45 | Queue | Villager (Male) |
| 17:47 | Build | Farm |
| 17:56 | Build | Farm |
| 18:14 | Research | Castle Age |
| 18:26 | Build | Stable |
| 19:03 | Research | Forging |
| 19:11 | Research | Bloodlines |
| 19:26 | Queue | Scout Cavalry |
| 19:38 | Build | Farm |
| 19:41 | Research | Gold Mining |
| 20:24 | Queue | Villager (Male) |
| 20:40 | Age | Castle Age |
| 20:42 | Research | Light Cavalry (upgrade) |
| 20:43 | Research | Chain Barding Armor |
| 20:50 | Queue | Knight |
| 20:59 | Research | Bow Saw |
| 21:00 | Queue | Villager (Male) |
| 21:00 | Queue | Villager (Male) |
| 21:05 | Build | Town Center |
| 21:12 | Build | House |
| 21:13 | Build | House |
| 21:24 | Build | Farm |
| 21:30 | Build | Farm |
| 21:31 | Queue | Villager (Male) |
| 21:31 | Queue | Villager (Male) |
| 21:31 | Queue | Villager (Male) |
| 21:40 | Research | Town Watch |
| 21:44 | Queue | Knight |
| 21:44 | Queue | Knight |
| 21:50 | Queue | Villager (Male) |
| 22:08 | Queue | Villager (Male) |
| 22:16 | Build | House |
| 22:16 | Build | House |
| 22:25 | Queue | Knight |
| 22:25 | Queue | Knight |
| 22:25 | Queue | Villager (Male) |
| 22:27 | Build | Farm |
| 22:37 | Build | Farm |
| 22:41 | Queue | Knight |
| 22:42 | Queue | Villager (Male) |
| 22:57 | Queue | Villager (Male) |
Build order — BTJ | Leoqueen
First 150 of 157 actions detected
| 0:01 | Queue | Villager (Male) |
| 0:01 | Queue | Villager (Male) |
| 0:02 | Build | House |
| 0:04 | Build | House |
| 0:11 | Queue | Villager (Male) |
| 0:12 | Queue | Villager (Male) |
| 1:18 | Queue | Villager (Male) |
| 1:45 | Build | Lumber Camp |
| 1:53 | Queue | Villager (Male) |
| 2:09 | Queue | Villager (Male) |
| 2:31 | Queue | Villager (Male) |
| 3:08 | Queue | Villager (Male) |
| 3:29 | Queue | Villager (Male) |
| 3:30 | Queue | Villager (Male) |
| 3:30 | Queue | Villager (Male) |
| 3:49 | Build | House |
| 3:51 | Build | House |
| 4:24 | Queue | Villager (Male) |
| 4:43 | Queue | Villager (Male) |
| 5:16 | Queue | Villager (Male) |
| 5:31 | Queue | Villager (Male) |
| 6:03 | Build | Barracks |
| 6:08 | Queue | Villager (Male) |
| 6:09 | Research | Loom |
| 7:10 | Queue | Villager (Male) |
| 7:30 | Research | Feudal Age |
| 7:51 | Queue | Militia |
| 7:58 | Build | Mining Camp |
| 8:09 | Queue | Militia |
| 8:32 | Build | Mill |
| 8:38 | Queue | Villager (Male) |
| 8:44 | Build | House |
| 8:45 | Build | Palisade Wall |
| 8:59 | Queue | Militia |
| 9:13 | Build | House |
| 9:31 | Queue | Villager (Male) |
| 9:45 | Age | Feudal Age |
| 9:57 | Queue | Villager (Male) |
| 10:00 | Build | Archery Range |
| 10:21 | Queue | Villager (Male) |
| 10:23 | Queue | Villager (Male) |
| 10:35 | Build | House |
| 11:11 | Queue | Villager (Male) |
| 11:22 | Build | House |
| 11:26 | Build | Blacksmith |
| 11:41 | Queue | Archer |
| 11:41 | Queue | Archer |
| 11:51 | Build | Farm |
| 12:04 | Queue | Villager (Male) |
| 12:08 | Build | Farm |
| 12:17 | Build | House |
| 12:28 | Build | Farm |
| 12:33 | Queue | Villager (Male) |
| 12:33 | Queue | Villager (Male) |
| 12:37 | Queue | Archer |
| 12:55 | Queue | Archer |
| 13:14 | Queue | Archer |
| 13:17 | Queue | Villager (Male) |
| 13:21 | Build | House |
| 13:27 | Queue | Archer |
| 13:37 | Queue | Archer |
| 13:43 | Queue | Archer |
| 13:48 | Queue | Villager (Male) |
| 13:51 | Build | Farm |
| 14:06 | Build | House |
| 14:10 | Queue | Villager (Male) |
| 14:25 | Queue | Archer |
| 14:48 | Queue | Villager (Male) |
| 14:54 | Build | Archery Range |
| 15:06 | Queue | Villager (Male) |
| 15:07 | Queue | Archer |
| 15:18 | Queue | Archer |
| 15:36 | Research | Fletching |
| 15:37 | Queue | Archer |
| 15:48 | Queue | Villager (Male) |
| 16:10 | Queue | Archer |
| 16:10 | Queue | Archer |
| 16:12 | Queue | Villager (Male) |
| 16:15 | Queue | Archer |
| 16:16 | Queue | Archer |
| 16:29 | Build | Palisade Gate |
| 16:40 | Queue | Villager (Male) |
| 16:42 | Build | Farm |
| 16:49 | Queue | Archer |
| 16:49 | Queue | Archer |
| 17:07 | Build | Farm |
| 17:08 | Queue | Villager (Male) |
| 17:13 | Queue | Archer |
| 17:18 | Research | Padded Archer Armor |
| 17:19 | Queue | Archer |
| 17:19 | Queue | Archer |
| 17:28 | Queue | Villager (Male) |
| 17:37 | Queue | Villager (Male) |
| 17:39 | Build | House |
| 17:44 | Queue | Archer |
| 17:45 | Queue | Archer |
| 18:09 | Build | House |
| 18:10 | Build | House |
| 18:13 | Queue | Archer |
| 18:14 | Queue | Villager (Male) |
| 18:17 | Build | Farm |
| 18:26 | Build | Watch Tower |
| 18:34 | Queue | Villager (Male) |
| 18:46 | Queue | Archer |
| 18:51 | Queue | Villager (Male) |
| 18:54 | Queue | Villager (Male) |
| 19:16 | Queue | Archer |
| 19:26 | Queue | Archer |
| 19:54 | Build | Market |
| 19:59 | Queue | Villager (Male) |
| 20:11 | Queue | Archer |
| 20:11 | Queue | Archer |
| 20:30 | Build | House |
| 20:59 | Build | House |
| 21:15 | Research | Castle Age |
| 21:19 | Queue | Archer |
| 21:22 | Build | House |
| 21:53 | Build | Lumber Camp |
| 22:00 | Queue | Villager (Male) |
| 22:04 | Build | House |
| 22:07 | Queue | Archer |
| 22:09 | Queue | Villager (Male) |
| 22:10 | Queue | Villager (Male) |
| 22:31 | Queue | Archer |
| 22:31 | Queue | Archer |
| 22:36 | Build | House |
| 22:40 | Build | House |
| 22:45 | Build | House |
| 22:46 | Build | House |
| 22:48 | Build | House |
| 23:03 | Research | Double-Bit Axe |
| 23:16 | Build | House |
| 23:18 | Build | Palisade Wall |
| 23:38 | Build | Farm |
| 23:39 | Build | Farm |
| 23:43 | Build | Farm |
| 23:44 | Build | Farm |
| 23:55 | Age | Castle Age |
| 24:02 | Research | Crossbowman (upgrade) |
| 24:21 | Build | Farm |
| 24:36 | Research | Bodkin Arrow |
| 24:40 | Queue | Archer |
| 24:40 | Queue | Archer |
| 24:40 | Queue | Archer |
| 24:59 | Queue | Archer |
| 24:59 | Queue | Archer |
| 25:14 | Build | House |
| 25:22 | Queue | Villager (Male) |
| 25:35 | Queue | Villager (Male) |
| 25:44 | Build | Lumber Camp |
Build order — |FMG| TINCHO
First 150 of 175 actions detected
| 0:02 | Research | Loom |
| 0:03 | Queue | Villager (Male) |
| 0:04 | Build | House |
| 0:05 | Build | House |
| 0:11 | Queue | Villager (Male) |
| 0:18 | Queue | Villager (Male) |
| 1:28 | Queue | Villager (Male) |
| 2:07 | Queue | Villager (Male) |
| 2:26 | Queue | Villager (Male) |
| 2:48 | Queue | Villager (Male) |
| 2:48 | Queue | Villager (Male) |
| 3:01 | Build | Lumber Camp |
| 3:41 | Queue | Villager (Male) |
| 3:42 | Queue | Villager (Male) |
| 3:42 | Queue | Villager (Male) |
| 4:01 | Build | House |
| 4:24 | Build | House |
| 4:37 | Queue | Villager (Male) |
| 4:37 | Queue | Villager (Male) |
| 4:39 | Build | Palisade Wall |
| 4:53 | Build | Palisade Wall |
| 5:01 | Queue | Villager (Male) |
| 5:37 | Queue | Villager (Male) |
| 5:54 | Build | House |
| 6:30 | Build | Mining Camp |
| 6:32 | Queue | Villager (Male) |
| 7:15 | Research | Feudal Age |
| 8:44 | Build | Barracks |
| 9:08 | Queue | Villager (Male) |
| 9:25 | Age | Feudal Age |
| 9:30 | Research | Double-Bit Axe |
| 9:38 | Build | Archery Range |
| 10:02 | Build | Archery Range |
| 10:14 | Queue | Villager (Male) |
| 10:21 | Build | Palisade Wall |
| 10:23 | Build | Palisade Wall |
| 10:24 | Build | Palisade Wall |
| 10:24 | Build | Palisade Wall |
| 10:27 | Build | Palisade Wall |
| 10:28 | Build | Palisade Wall |
| 10:30 | Queue | Villager (Male) |
| 10:46 | Queue | Villager (Male) |
| 10:47 | Queue | Archer |
| 10:54 | Build | Palisade Wall |
| 10:55 | Build | Palisade Wall |
| 10:56 | Build | Palisade Wall |
| 11:08 | Queue | Villager (Male) |
| 11:09 | Queue | Archer |
| 11:21 | Build | Archery Range |
| 11:28 | Queue | Archer |
| 11:49 | Queue | Archer |
| 11:50 | Queue | Archer |
| 12:02 | Queue | Archer |
| 12:03 | Queue | Archer |
| 12:07 | Build | House |
| 12:20 | Build | Blacksmith |
| 12:22 | Build | House |
| 12:33 | Queue | Villager (Male) |
| 12:40 | Queue | Archer |
| 12:50 | Queue | Archer |
| 13:00 | Queue | Villager (Male) |
| 13:04 | Build | Mill |
| 13:08 | Queue | Archer |
| 13:35 | Queue | Archer |
| 13:41 | Build | Farm |
| 13:43 | Build | Farm |
| 13:45 | Queue | Archer |
| 13:55 | Build | House |
| 13:57 | Build | Palisade Wall |
| 14:01 | Queue | Archer |
| 14:07 | Research | Fletching |
| 14:15 | Build | Farm |
| 14:15 | Queue | Villager (Male) |
| 14:15 | Queue | Villager (Male) |
| 14:16 | Queue | Archer |
| 14:26 | Build | Farm |
| 14:35 | Queue | Villager (Male) |
| 14:37 | Queue | Archer |
| 14:44 | Queue | Archer |
| 14:49 | Build | Farm |
| 15:02 | Queue | Archer |
| 15:07 | Queue | Archer |
| 15:09 | Queue | Archer |
| 15:10 | Queue | Villager (Male) |
| 15:28 | Queue | Archer |
| 15:46 | Queue | Villager (Male) |
| 15:48 | Build | Farm |
| 15:50 | Build | Farm |
| 15:53 | Queue | Archer |
| 16:00 | Build | House |
| 16:31 | Queue | Archer |
| 16:51 | Build | Farm |
| 16:53 | Build | Farm |
| 16:56 | Build | Farm |
| 16:58 | Queue | Archer |
| 17:00 | Queue | Archer |
| 17:09 | Research | Padded Archer Armor |
| 17:09 | Queue | Villager (Male) |
| 17:09 | Queue | Villager (Male) |
| 17:10 | Queue | Villager (Male) |
| 17:20 | Queue | Archer |
| 17:39 | Queue | Villager (Male) |
| 17:41 | Build | House |
| 17:46 | Queue | Villager (Male) |
| 17:53 | Build | House |
| 17:53 | Build | House |
| 18:12 | Build | House |
| 18:14 | Build | House |
| 18:17 | Queue | Archer |
| 18:20 | Build | Farm |
| 18:34 | Build | House |
| 18:53 | Build | House |
| 19:11 | Queue | Archer |
| 19:21 | Queue | Archer |
| 19:26 | Queue | Archer |
| 19:46 | Queue | Villager (Male) |
| 19:51 | Build | House |
| 19:51 | Queue | Villager (Male) |
| 20:02 | Build | Market |
| 20:23 | Queue | Archer |
| 20:36 | Queue | Archer |
| 20:49 | Research | Castle Age |
| 21:02 | Queue | Archer |
| 21:09 | Build | Archery Range |
| 21:18 | Build | Palisade Gate |
| 21:23 | Queue | Archer |
| 21:26 | Research | Gold Mining |
| 21:33 | Build | House |
| 21:34 | Build | House |
| 21:35 | Build | House |
| 21:38 | Build | House |
| 21:42 | Build | House |
| 21:45 | Queue | Archer |
| 21:52 | Build | House |
| 21:57 | Queue | Archer |
| 22:01 | Queue | Archer |
| 22:19 | Queue | Archer |
| 22:31 | Queue | Archer |
| 22:41 | Queue | Archer |
| 22:53 | Queue | Archer |
| 23:01 | Build | Archery Range |
| 23:12 | Queue | Archer |
| 23:21 | Queue | Villager (Male) |
| 23:29 | Age | Castle Age |
| 23:30 | Research | Crossbowman (upgrade) |
| 23:31 | Research | Bodkin Arrow |
| 23:36 | Queue | Villager (Male) |
| 23:52 | Queue | Archer |
| 23:52 | Queue | Archer |
| 23:53 | Queue | Villager (Male) |
Build order — BTJ | ThC_Lobo
138 actions detected in the replay
| 0:00 | Research | Loom |
| 0:03 | Build | House |
| 0:04 | Build | House |
| 0:13 | Queue | Villager (Male) |
| 0:14 | Queue | Villager (Male) |
| 0:19 | Queue | Villager (Male) |
| 1:26 | Queue | Villager (Male) |
| 2:00 | Queue | Villager (Male) |
| 2:13 | Queue | Villager (Male) |
| 2:45 | Queue | Villager (Male) |
| 3:00 | Queue | Villager (Male) |
| 3:37 | Queue | Villager (Male) |
| 3:46 | Build | Lumber Camp |
| 3:59 | Queue | Villager (Male) |
| 4:09 | Queue | Villager (Male) |
| 4:22 | Queue | Villager (Male) |
| 4:33 | Queue | Villager (Male) |
| 4:41 | Build | House |
| 5:23 | Queue | Villager (Male) |
| 5:32 | Build | Mining Camp |
| 5:50 | Queue | Villager (Male) |
| 5:51 | Queue | Villager (Male) |
| 6:23 | Queue | Villager (Male) |
| 7:10 | Research | Feudal Age |
| 8:31 | Build | Barracks |
| 9:13 | Build | Mill |
| 9:20 | Age | Feudal Age |
| 9:25 | Build | Archery Range |
| 9:45 | Build | Archery Range |
| 9:48 | Queue | Villager (Male) |
| 10:01 | Queue | Villager (Male) |
| 10:10 | Queue | Archer |
| 10:15 | Build | House |
| 10:25 | Research | Double-Bit Axe |
| 10:34 | Queue | Archer |
| 11:00 | Build | Blacksmith |
| 11:10 | Queue | Villager (Male) |
| 11:25 | Queue | Archer |
| 11:26 | Queue | Archer |
| 11:33 | Queue | Villager (Male) |
| 11:46 | Research | Fletching |
| 11:48 | Build | House |
| 11:56 | Queue | Archer |
| 12:15 | Queue | Archer |
| 12:56 | Queue | Archer |
| 12:58 | Queue | Archer |
| 13:01 | Build | Farm |
| 13:02 | Build | Farm |
| 13:05 | Build | Farm |
| 13:07 | Build | Farm |
| 13:11 | Build | Farm |
| 13:13 | Build | Farm |
| 13:16 | Queue | Archer |
| 13:17 | Queue | Villager (Male) |
| 14:01 | Queue | Villager (Male) |
| 14:02 | Queue | Archer |
| 14:17 | Queue | Archer |
| 14:18 | Queue | Villager (Male) |
| 14:20 | Build | Farm |
| 14:20 | Build | Farm |
| 14:20 | Build | Farm |
| 14:45 | Queue | Archer |
| 14:47 | Build | House |
| 14:50 | Queue | Archer |
| 14:54 | Build | Palisade Wall |
| 14:55 | Queue | Villager (Male) |
| 14:59 | Research | Horse Collar |
| 15:05 | Build | House |
| 15:05 | Build | Palisade Wall |
| 15:06 | Queue | Archer |
| 15:18 | Queue | Archer |
| 15:21 | Queue | Villager (Male) |
| 15:27 | Build | Palisade Wall |
| 15:33 | Queue | Villager (Male) |
| 16:05 | Queue | Archer |
| 16:43 | Queue | Archer |
| 16:43 | Queue | Archer |
| 16:51 | Build | Watch Tower |
| 16:55 | Build | Palisade Wall |
| 16:56 | Queue | Archer |
| 17:05 | Queue | Villager (Male) |
| 17:16 | Queue | Archer |
| 17:43 | Research | Wheelbarrow |
| 17:43 | Queue | Villager (Male) |
| 17:45 | Queue | Archer |
| 17:52 | Build | Archery Range |
| 18:05 | Build | House |
| 18:06 | Build | Palisade Wall |
| 18:17 | Build | Palisade Wall |
| 18:32 | Queue | Archer |
| 18:48 | Queue | Archer |
| 19:04 | Queue | Archer |
| 19:04 | Queue | Archer |
| 19:05 | Queue | Villager (Male) |
| 19:15 | Queue | Villager (Male) |
| 19:34 | Queue | Archer |
| 19:38 | Queue | Archer |
| 19:54 | Queue | Archer |
| 19:59 | Build | Farm |
| 20:05 | Queue | Archer |
| 20:07 | Queue | Villager (Male) |
| 20:21 | Build | Farm |
| 20:28 | Research | Padded Archer Armor |
| 20:28 | Queue | Archer |
| 20:29 | Queue | Archer |
| 20:29 | Queue | Archer |
| 20:40 | Queue | Archer |
| 20:47 | Queue | Archer |
| 20:48 | Queue | Villager (Male) |
| 21:01 | Queue | Archer |
| 21:03 | Build | House |
| 21:22 | Queue | Archer |
| 21:22 | Queue | Archer |
| 21:38 | Queue | Archer |
| 21:40 | Queue | Villager (Male) |
| 21:43 | Build | Market |
| 21:48 | Queue | Villager (Male) |
| 21:50 | Queue | Archer |
| 22:08 | Build | House |
| 23:07 | Queue | Villager (Male) |
| 23:19 | Build | Farm |
| 23:19 | Build | Farm |
| 23:23 | Build | Lumber Camp |
| 23:33 | Queue | Archer |
| 23:35 | Queue | Villager (Male) |
| 23:44 | Build | Farm |
| 24:14 | Build | Farm |
| 24:15 | Build | Farm |
| 24:15 | Build | Farm |
| 24:20 | Queue | Villager (Male) |
| 25:21 | Research | Castle Age |
| 25:40 | Queue | Archer |
| 25:40 | Queue | Archer |
| 25:52 | Queue | Archer |
| 25:52 | Queue | Archer |
| 25:53 | Queue | Archer |
| 25:58 | Queue | Archer |
| 26:04 | Queue | Archer |
Build order — |FMG| twitch/JabsUY
First 150 of 166 actions detected
| 0:00 | Queue | Villager (Male) |
| 0:00 | Queue | Villager (Male) |
| 0:02 | Build | House |
| 0:03 | Build | House |
| 0:20 | Queue | Villager (Male) |
| 0:20 | Queue | Villager (Male) |
| 0:29 | Queue | Villager (Male) |
| 0:29 | Queue | Villager (Male) |
| 1:24 | Queue | Villager (Male) |
| 1:24 | Queue | Villager (Male) |
| 1:38 | Queue | Villager (Male) |
| 1:39 | Queue | Villager (Male) |
| 1:52 | Build | Lumber Camp |
| 2:15 | Queue | Villager (Male) |
| 2:15 | Queue | Villager (Male) |
| 2:53 | Queue | Villager (Male) |
| 2:53 | Queue | Villager (Male) |
| 3:16 | Queue | Villager (Male) |
| 3:16 | Queue | Villager (Male) |
| 3:33 | Queue | Villager (Male) |
| 3:33 | Queue | Villager (Male) |
| 3:54 | Build | House |
| 3:57 | Queue | Villager (Male) |
| 3:57 | Queue | Villager (Male) |
| 3:57 | Queue | Villager (Male) |
| 4:25 | Build | Mill |
| 4:32 | Build | Palisade Wall |
| 4:48 | Queue | Villager (Male) |
| 5:21 | Research | Loom |
| 6:12 | Research | Feudal Age |
| 7:38 | Build | Barracks |
| 8:07 | Queue | Villager (Male) |
| 8:25 | Age | Feudal Age |
| 8:27 | Build | Stable |
| 8:50 | Queue | Villager (Male) |
| 8:56 | Build | House |
| 9:07 | Queue | Scout Cavalry |
| 9:07 | Queue | Scout Cavalry |
| 9:17 | Queue | Villager (Male) |
| 9:17 | Queue | Villager (Male) |
| 9:21 | Build | House |
| 9:26 | Build | Mill |
| 9:29 | Queue | Militia |
| 9:51 | Queue | Villager (Male) |
| 9:54 | Queue | Scout Cavalry |
| 10:03 | Build | House |
| 10:05 | Build | Palisade Wall |
| 10:19 | Research | Double-Bit Axe |
| 10:26 | Queue | Villager (Male) |
| 10:28 | Build | Farm |
| 10:44 | Queue | Villager (Male) |
| 10:48 | Build | Farm |
| 10:51 | Build | Farm |
| 10:54 | Build | Farm |
| 11:10 | Queue | Scout Cavalry |
| 11:20 | Queue | Villager (Male) |
| 11:35 | Build | Farm |
| 11:51 | Queue | Villager (Male) |
| 11:54 | Build | Farm |
| 11:56 | Build | Farm |
| 11:57 | Queue | Militia |
| 12:00 | Queue | Scout Cavalry |
| 12:22 | Queue | Villager (Male) |
| 12:39 | Queue | Villager (Male) |
| 12:56 | Queue | Villager (Male) |
| 12:58 | Build | Farm |
| 12:58 | Build | Farm |
| 12:59 | Build | Farm |
| 12:59 | Build | Farm |
| 13:02 | Queue | Scout Cavalry |
| 13:07 | Build | House |
| 13:16 | Build | House |
| 13:27 | Queue | Villager (Male) |
| 13:30 | Build | Farm |
| 13:48 | Queue | Villager (Male) |
| 13:51 | Build | House |
| 13:56 | Queue | Scout Cavalry |
| 14:10 | Build | Farm |
| 14:10 | Build | Farm |
| 14:11 | Build | Farm |
| 14:30 | Queue | Scout Cavalry |
| 14:30 | Queue | Villager (Male) |
| 14:48 | Queue | Scout Cavalry |
| 14:50 | Queue | Villager (Male) |
| 14:52 | Build | Blacksmith |
| 15:01 | Build | House |
| 15:23 | Queue | Villager (Male) |
| 15:38 | Research | Scale Barding Armor |
| 15:41 | Queue | Villager (Male) |
| 15:46 | Queue | Scout Cavalry |
| 16:17 | Queue | Scout Cavalry |
| 16:17 | Queue | Scout Cavalry |
| 16:39 | Queue | Villager (Male) |
| 16:39 | Queue | Villager (Male) |
| 16:43 | Build | Farm |
| 16:43 | Build | Farm |
| 16:44 | Build | Farm |
| 16:51 | Queue | Scout Cavalry |
| 16:56 | Build | House |
| 16:58 | Build | House |
| 17:23 | Build | House |
| 17:26 | Queue | Scout Cavalry |
| 17:29 | Build | House |
| 17:42 | Queue | Villager (Male) |
| 17:46 | Build | Mining Camp |
| 17:48 | Queue | Scout Cavalry |
| 17:50 | Queue | Villager (Male) |
| 18:04 | Build | House |
| 18:44 | Queue | Villager (Male) |
| 18:45 | Queue | Villager (Male) |
| 18:58 | Build | House |
| 18:59 | Build | House |
| 19:05 | Queue | Villager (Male) |
| 19:08 | Build | Market |
| 19:10 | Build | House |
| 19:14 | Queue | Scout Cavalry |
| 19:18 | Queue | Villager (Male) |
| 19:21 | Build | Lumber Camp |
| 19:26 | Research | Forging |
| 19:37 | Research | Bloodlines |
| 19:55 | Queue | Villager (Male) |
| 20:14 | Build | House |
| 20:15 | Build | Palisade Wall |
| 20:40 | Build | Lumber Camp |
| 20:43 | Build | House |
| 21:08 | Queue | Villager (Male) |
| 21:41 | Research | Castle Age |
| 21:53 | Build | House |
| 22:07 | Build | House |
| 23:07 | Build | Stable |
| 23:32 | Build | House |
| 23:35 | Build | House |
| 23:37 | Build | House |
| 23:50 | Build | House |
| 24:01 | Build | House |
| 24:03 | Queue | Villager (Male) |
| 24:06 | Research | Horse Collar |
| 24:11 | Build | Farm |
| 24:13 | Build | Farm |
| 24:21 | Age | Castle Age |
| 24:24 | Queue | Knight |
| 24:24 | Queue | Knight |
| 24:25 | Queue | Knight |
| 24:28 | Build | Monastery |
| 24:31 | Research | Bow Saw |
| 24:38 | Build | House |
| 24:40 | Build | House |
| 24:41 | Queue | Villager (Male) |
| 24:51 | Build | Town Center |
| 24:55 | Queue | Villager (Male) |
Build order — tANKE
147 actions detected in the replay
| 0:00 | Queue | Villager (Male) |
| 0:01 | Queue | Villager (Male) |
| 0:02 | Build | House |
| 0:03 | Build | House |
| 0:03 | Queue | Villager (Male) |
| 0:04 | Queue | Villager (Male) |
| 1:29 | Queue | Villager (Male) |
| 1:47 | Build | Lumber Camp |
| 2:10 | Queue | Villager (Male) |
| 2:17 | Queue | Villager (Male) |
| 2:47 | Queue | Villager (Male) |
| 3:13 | Queue | Villager (Male) |
| 3:39 | Build | House |
| 3:44 | Queue | Villager (Male) |
| 4:06 | Queue | Villager (Male) |
| 4:19 | Queue | Villager (Male) |
| 5:01 | Queue | Villager (Male) |
| 5:16 | Build | Mill |
| 5:36 | Queue | Villager (Male) |
| 5:46 | Queue | Villager (Male) |
| 5:46 | Research | Loom |
| 6:58 | Research | Feudal Age |
| 7:53 | Build | Barracks |
| 8:23 | Build | Palisade Wall |
| 8:31 | Queue | Villager (Male) |
| 8:32 | Build | House |
| 9:08 | Age | Feudal Age |
| 9:09 | Queue | Villager (Male) |
| 9:13 | Build | Stable |
| 9:33 | Queue | Villager (Male) |
| 9:34 | Research | Double-Bit Axe |
| 9:46 | Build | Palisade Wall |
| 9:49 | Build | House |
| 9:55 | Research | Horse Collar |
| 10:08 | Queue | Scout Cavalry |
| 10:13 | Build | Farm |
| 10:24 | Queue | Villager (Male) |
| 10:25 | Queue | Scout Cavalry |
| 10:29 | Build | Farm |
| 10:39 | Build | House |
| 10:50 | Build | Farm |
| 11:00 | Build | Farm |
| 11:04 | Queue | Villager (Male) |
| 11:14 | Build | Farm |
| 11:19 | Build | House |
| 11:31 | Build | Farm |
| 11:40 | Queue | Scout Cavalry |
| 11:44 | Build | Farm |
| 11:55 | Queue | Villager (Male) |
| 12:07 | Queue | Villager (Male) |
| 12:09 | Build | Farm |
| 12:11 | Build | House |
| 12:20 | Queue | Villager (Male) |
| 12:24 | Queue | Scout Cavalry |
| 12:36 | Build | Farm |
| 12:53 | Queue | Scout Cavalry |
| 12:59 | Build | House |
| 13:05 | Queue | Villager (Male) |
| 13:09 | Build | Farm |
| 13:11 | Build | Farm |
| 13:18 | Queue | Scout Cavalry |
| 13:37 | Queue | Scout Cavalry |
| 13:41 | Queue | Villager (Male) |
| 13:43 | Build | House |
| 13:54 | Build | Farm |
| 14:03 | Queue | Villager (Male) |
| 14:09 | Build | Palisade Wall |
| 14:11 | Queue | Scout Cavalry |
| 14:21 | Build | Blacksmith |
| 14:28 | Queue | Scout Cavalry |
| 14:43 | Queue | Scout Cavalry |
| 14:51 | Build | Farm |
| 14:54 | Queue | Scout Cavalry |
| 14:56 | Queue | Villager (Male) |
| 15:15 | Build | House |
| 15:16 | Research | Scale Barding Armor |
| 15:16 | Research | Scale Barding Armor |
| 15:22 | Queue | Villager (Male) |
| 15:27 | Build | Farm |
| 15:43 | Queue | Scout Cavalry |
| 15:48 | Build | Farm |
| 15:52 | Queue | Villager (Male) |
| 16:14 | Queue | Scout Cavalry |
| 16:41 | Queue | Villager (Male) |
| 16:43 | Build | House |
| 16:44 | Build | Palisade Wall |
| 16:50 | Queue | Scout Cavalry |
| 16:52 | Queue | Villager (Male) |
| 16:56 | Build | Farm |
| 17:13 | Queue | Scout Cavalry |
| 17:20 | Build | Farm |
| 17:20 | Build | Farm |
| 17:21 | Build | Farm |
| 17:30 | Queue | Scout Cavalry |
| 17:34 | Queue | Villager (Male) |
| 17:38 | Build | Farm |
| 17:46 | Build | Mining Camp |
| 17:48 | Queue | Scout Cavalry |
| 17:49 | Queue | Villager (Male) |
| 18:03 | Build | Palisade Wall |
| 18:25 | Queue | Scout Cavalry |
| 18:44 | Queue | Scout Cavalry |
| 18:45 | Queue | Villager (Male) |
| 18:46 | Queue | Villager (Male) |
| 18:53 | Build | Market |
| 18:56 | Queue | Scout Cavalry |
| 19:03 | Build | Farm |
| 19:05 | Build | Farm |
| 19:17 | Build | Farm |
| 19:27 | Queue | Villager (Male) |
| 20:04 | Queue | Villager (Male) |
| 20:07 | Build | House |
| 20:08 | Build | Palisade Wall |
| 20:30 | Research | Castle Age |
| 21:02 | Build | House |
| 21:28 | Build | House |
| 21:32 | Research | Bloodlines |
| 21:33 | Research | Bloodlines |
| 21:40 | Build | House |
| 21:58 | Build | Stable |
| 22:51 | Queue | Villager (Male) |
| 23:10 | Age | Castle Age |
| 23:12 | Queue | Knight |
| 23:13 | Queue | Knight |
| 23:17 | Research | Chain Barding Armor |
| 23:28 | Queue | Knight |
| 23:32 | Build | Lumber Camp |
| 23:36 | Queue | Villager (Male) |
| 23:41 | Queue | Villager (Male) |
| 23:47 | Queue | Knight |
| 24:03 | Queue | Villager (Male) |
| 24:10 | Research | Gold Mining |
| 24:11 | Queue | Villager (Male) |
| 24:15 | Build | House |
| 24:18 | Queue | Knight |
| 24:26 | Queue | Knight |
| 24:27 | Queue | Knight |
| 24:38 | Queue | Knight |
| 24:53 | Queue | Villager (Male) |
| 24:54 | Queue | Knight |
| 25:25 | Build | House |
| 25:29 | Build | House |
| 25:41 | Queue | Villager (Male) |
| 25:42 | Queue | Knight |
| 25:42 | Queue | Knight |
| 25:49 | Build | Town Center |
| 25:56 | Queue | Villager (Male) |
Build order — BTJ | fakin pons
140 actions detected in the replay
| 0:02 | Queue | Villager (Male) |
| 0:02 | Queue | Villager (Male) |
| 0:03 | Queue | Villager (Male) |
| 0:03 | Queue | Villager (Male) |
| 0:04 | Build | House |
| 0:06 | Build | House |
| 1:29 | Queue | Villager (Male) |
| 1:29 | Queue | Villager (Male) |
| 2:04 | Queue | Villager (Male) |
| 2:05 | Queue | Villager (Male) |
| 2:30 | Queue | Villager (Male) |
| 3:12 | Queue | Villager (Male) |
| 3:12 | Queue | Villager (Male) |
| 3:38 | Build | Lumber Camp |
| 3:42 | Build | House |
| 3:43 | Build | House |
| 3:45 | Queue | Villager (Male) |
| 3:46 | Queue | Villager (Male) |
| 3:46 | Queue | Villager (Male) |
| 4:27 | Queue | Villager (Male) |
| 4:27 | Queue | Villager (Male) |
| 4:40 | Queue | Villager (Male) |
| 5:05 | Queue | Villager (Male) |
| 5:05 | Queue | Villager (Male) |
| 5:14 | Build | Mill |
| 5:43 | Build | Farm |
| 6:05 | Queue | Villager (Male) |
| 6:14 | Build | Farm |
| 6:34 | Queue | Villager (Male) |
| 6:36 | Build | Farm |
| 6:49 | Queue | Villager (Male) |
| 7:40 | Research | Loom |
| 7:50 | Research | Feudal Age |
| 7:50 | Research | Feudal Age |
| 8:36 | Research | Loom |
| 8:41 | Build | House |
| 9:24 | Build | Farm |
| 9:37 | Queue | Villager (Male) |
| 9:37 | Queue | Villager (Male) |
| 10:00 | Age | Feudal Age |
| 10:05 | Build | Stable |
| 10:09 | Build | Stable |
| 10:15 | Research | Double-Bit Axe |
| 10:31 | Queue | Villager (Male) |
| 10:35 | Research | Horse Collar |
| 10:48 | Queue | Scout Cavalry |
| 10:49 | Queue | Scout Cavalry |
| 10:59 | Queue | Scout Cavalry |
| 10:59 | Queue | Scout Cavalry |
| 11:13 | Build | Farm |
| 11:18 | Queue | Scout Cavalry |
| 11:40 | Build | Farm |
| 11:42 | Build | Farm |
| 11:44 | Queue | Villager (Male) |
| 12:03 | Queue | Scout Cavalry |
| 12:13 | Build | House |
| 12:16 | Build | House |
| 12:18 | Build | Palisade Wall |
| 12:25 | Queue | Villager (Male) |
| 12:34 | Queue | Scout Cavalry |
| 12:53 | Build | Blacksmith |
| 12:55 | Queue | Villager (Male) |
| 13:12 | Queue | Scout Cavalry |
| 13:35 | Queue | Villager (Male) |
| 13:43 | Queue | Villager (Male) |
| 13:52 | Build | House |
| 13:55 | Queue | Villager (Male) |
| 14:09 | Research | Scale Barding Armor |
| 14:11 | Build | Farm |
| 14:26 | Queue | Villager (Male) |
| 14:29 | Build | Farm |
| 14:30 | Build | Farm |
| 14:31 | Build | Farm |
| 14:36 | Build | Mining Camp |
| 14:41 | Queue | Scout Cavalry |
| 14:52 | Queue | Scout Cavalry |
| 15:07 | Queue | Villager (Male) |
| 15:14 | Build | Farm |
| 15:15 | Build | Farm |
| 15:36 | Queue | Villager (Male) |
| 15:37 | Queue | Scout Cavalry |
| 15:49 | Queue | Villager (Male) |
| 16:01 | Build | House |
| 16:02 | Queue | Villager (Male) |
| 16:11 | Build | Farm |
| 16:12 | Build | Farm |
| 16:16 | Research | Forging |
| 16:35 | Queue | Villager (Male) |
| 16:43 | Build | Farm |
| 16:57 | Queue | Villager (Male) |
| 17:06 | Queue | Villager (Male) |
| 17:13 | Research | Bloodlines |
| 17:35 | Queue | Villager (Male) |
| 17:36 | Queue | Scout Cavalry |
| 17:43 | Build | Farm |
| 17:43 | Build | Farm |
| 17:44 | Build | Farm |
| 17:44 | Build | Farm |
| 17:44 | Build | Farm |
| 17:56 | Queue | Scout Cavalry |
| 18:00 | Build | Farm |
| 18:35 | Queue | Villager (Male) |
| 18:40 | Build | House |
| 18:42 | Build | Palisade Wall |
| 18:58 | Queue | Villager (Male) |
| 19:12 | Queue | Scout Cavalry |
| 19:12 | Queue | Scout Cavalry |
| 19:22 | Build | House |
| 19:35 | Queue | Villager (Male) |
| 19:39 | Build | Farm |
| 19:40 | Build | Farm |
| 20:03 | Build | Stable |
| 20:09 | Queue | Villager (Male) |
| 20:11 | Build | Farm |
| 20:39 | Research | Castle Age |
| 20:57 | Build | House |
| 21:16 | Queue | Scout Cavalry |
| 21:17 | Queue | Scout Cavalry |
| 21:17 | Queue | Scout Cavalry |
| 22:13 | Build | House |
| 22:15 | Build | Palisade Wall |
| 22:34 | Build | House |
| 22:37 | Build | Palisade Wall |
| 22:42 | Queue | Scout Cavalry |
| 22:42 | Queue | Scout Cavalry |
| 22:43 | Queue | Scout Cavalry |
| 23:19 | Age | Castle Age |
| 23:24 | Research | Light Cavalry (upgrade) |
| 23:25 | Research | Chain Barding Armor |
| 24:30 | Build | Siege Workshop |
| 24:37 | Queue | Knight |
| 24:37 | Queue | Knight |
| 24:38 | Queue | Knight |
| 24:38 | Queue | Knight |
| 24:42 | Queue | Villager (Male) |
| 24:53 | Queue | Scorpion |
| 24:59 | Build | Lumber Camp |
| 25:08 | Queue | Villager (Male) |
| 25:10 | Queue | Villager (Male) |
| 26:25 | Queue | Villager (Male) |
Build order — FMG | Sawasha Takohida
First 150 of 179 actions detected
| 0:01 | Queue | Villager (Male) |
| 0:01 | Queue | Villager (Male) |
| 0:01 | Queue | Villager (Male) |
| 0:02 | Queue | Villager (Male) |
| 0:03 | Build | House |
| 0:04 | Build | House |
| 1:32 | Queue | Villager (Male) |
| 1:57 | Queue | Villager (Male) |
| 1:58 | Queue | Villager (Male) |
| 2:13 | Queue | Villager (Male) |
| 2:14 | Queue | Villager (Male) |
| 2:44 | Build | Lumber Camp |
| 2:45 | Queue | Villager (Male) |
| 2:46 | Queue | Villager (Male) |
| 3:26 | Queue | Villager (Male) |
| 3:43 | Build | House |
| 3:54 | Queue | Villager (Male) |
| 3:54 | Queue | Villager (Male) |
| 4:44 | Queue | Villager (Male) |
| 5:08 | Queue | Villager (Male) |
| 5:28 | Queue | Villager (Male) |
| 5:55 | Queue | Villager (Male) |
| 6:00 | Build | Palisade Wall |
| 6:02 | Build | Palisade Wall |
| 6:09 | Build | Mining Camp |
| 6:16 | Research | Loom |
| 7:07 | Research | Feudal Age |
| 7:54 | Build | Barracks |
| 7:55 | Queue | Villager (Male) |
| 7:58 | Build | House |
| 8:38 | Queue | Villager (Male) |
| 9:11 | Build | Palisade Wall |
| 9:17 | Age | Feudal Age |
| 9:21 | Build | Archery Range |
| 9:23 | Build | Archery Range |
| 9:42 | Queue | Villager (Male) |
| 9:55 | Build | Palisade Wall |
| 9:57 | Queue | Villager (Male) |
| 10:06 | Build | Mill |
| 10:13 | Queue | Archer |
| 10:13 | Queue | Archer |
| 10:32 | Queue | Archer |
| 10:39 | Build | Blacksmith |
| 10:43 | Queue | Archer |
| 10:46 | Queue | Villager (Male) |
| 10:49 | Build | House |
| 10:50 | Build | Palisade Wall |
| 11:14 | Queue | Archer |
| 11:15 | Build | House |
| 11:18 | Queue | Archer |
| 11:22 | Research | Fletching |
| 11:22 | Research | Fletching |
| 11:39 | Queue | Archer |
| 11:41 | Queue | Villager (Male) |
| 11:45 | Build | House |
| 11:48 | Build | Palisade Wall |
| 11:50 | Build | Palisade Wall |
| 11:55 | Queue | Archer |
| 11:55 | Queue | Archer |
| 12:08 | Queue | Villager (Male) |
| 12:08 | Queue | Villager (Male) |
| 12:57 | Queue | Archer |
| 12:57 | Queue | Archer |
| 12:59 | Queue | Villager (Male) |
| 13:00 | Build | House |
| 13:03 | Build | Palisade Wall |
| 13:09 | Queue | Villager (Male) |
| 13:09 | Queue | Villager (Male) |
| 13:09 | Queue | Villager (Male) |
| 13:17 | Queue | Archer |
| 13:56 | Queue | Archer |
| 13:57 | Queue | Archer |
| 14:03 | Queue | Villager (Male) |
| 14:05 | Build | House |
| 14:06 | Build | Palisade Wall |
| 14:10 | Queue | Archer |
| 14:45 | Queue | Archer |
| 14:48 | Queue | Villager (Male) |
| 14:48 | Queue | Archer |
| 14:50 | Build | Farm |
| 14:50 | Build | Farm |
| 14:51 | Queue | Villager (Male) |
| 14:54 | Build | Farm |
| 15:01 | Queue | Archer |
| 15:15 | Queue | Archer |
| 15:15 | Queue | Archer |
| 15:17 | Queue | Villager (Male) |
| 15:25 | Queue | Villager (Male) |
| 15:30 | Queue | Archer |
| 16:36 | Queue | Villager (Male) |
| 16:36 | Queue | Villager (Male) |
| 16:47 | Queue | Archer |
| 16:47 | Queue | Archer |
| 16:48 | Queue | Villager (Male) |
| 16:51 | Build | House |
| 16:51 | Queue | Villager (Male) |
| 16:54 | Build | Farm |
| 16:54 | Build | Farm |
| 16:55 | Build | Farm |
| 17:02 | Build | Market |
| 17:07 | Queue | Villager (Male) |
| 17:09 | Queue | Villager (Male) |
| 17:11 | Build | Farm |
| 17:18 | Queue | Archer |
| 17:44 | Queue | Archer |
| 17:45 | Queue | Archer |
| 17:49 | Build | Lumber Camp |
| 17:49 | Queue | Villager (Male) |
| 18:00 | Build | House |
| 18:01 | Build | Palisade Wall |
| 18:02 | Build | Palisade Wall |
| 18:29 | Queue | Archer |
| 18:49 | Queue | Archer |
| 18:52 | Build | House |
| 18:53 | Build | House |
| 19:07 | Queue | Archer |
| 19:12 | Queue | Villager (Male) |
| 19:13 | Build | Farm |
| 19:14 | Build | Farm |
| 19:15 | Build | Farm |
| 19:16 | Build | Farm |
| 19:17 | Build | Farm |
| 19:19 | Research | Double-Bit Axe |
| 19:40 | Queue | Villager (Male) |
| 19:57 | Queue | Archer |
| 20:03 | Build | House |
| 20:04 | Build | Farm |
| 20:05 | Build | Farm |
| 20:13 | Queue | Villager (Male) |
| 20:39 | Build | House |
| 20:41 | Queue | Archer |
| 20:43 | Queue | Villager (Male) |
| 21:05 | Queue | Villager (Male) |
| 21:18 | Build | House |
| 21:22 | Queue | Archer |
| 21:22 | Queue | Archer |
| 21:23 | Queue | Villager (Male) |
| 21:58 | Queue | Villager (Male) |
| 22:09 | Research | Castle Age |
| 23:11 | Queue | Archer |
| 23:11 | Queue | Archer |
| 23:16 | Queue | Villager (Male) |
| 23:18 | Research | Horse Collar |
| 23:19 | Research | Gold Mining |
| 23:24 | Queue | Villager (Male) |
| 23:40 | Queue | Archer |
| 23:40 | Queue | Archer |
| 23:46 | Build | Archery Range |
| 23:48 | Build | Farm |
| 23:51 | Research | Padded Archer Armor |
Match timeline
| 4:32 | |FMG| twitch/JabsUY · wall_segment Palisade Wall x1 |
| 4:39 | |FMG| TINCHO · wall_segment Palisade Wall x2 |
| 4:53 | |FMG| TINCHO · wall_segment Palisade Wall x7 |
| 6:00 | FMG | Sawasha Takohida · wall_segment Palisade Wall x1 |
| 6:02 | FMG | Sawasha Takohida · wall_segment Palisade Wall x1 |
| 6:03 | BTJ | Leoqueen · first_building Barracks |
| 7:18 | FMG | Camilo · first_building Barracks |
| 7:38 | |FMG| twitch/JabsUY · first_building Barracks |
| 7:53 | tANKE · first_building Barracks |
| 7:54 | FMG | Sawasha Takohida · first_building Barracks |
| 8:12 | FMG | Camilo · wall_segment Palisade Wall x1 |
| 8:23 | tANKE · wall_segment Palisade Wall x11 |
| 8:25 | |FMG| twitch/JabsUY · age_up feudal |
| 8:27 | |FMG| twitch/JabsUY · first_building Stable |
| 8:31 | BTJ | ThC_Lobo · first_building Barracks |
| 8:44 | |FMG| TINCHO · first_building Barracks |
| 8:45 | BTJ | Leoqueen · wall_segment Palisade Wall x1 |
| 8:49 | FMG | Camilo · age_up feudal |
| 8:50 | FMG | Camilo · first_building Stable |
| 9:08 | tANKE · age_up feudal |
| 9:11 | FMG | Sawasha Takohida · wall_segment Palisade Wall x1 |
| 9:13 | tANKE · first_building Stable |
| 9:17 | FMG | Sawasha Takohida · age_up feudal |
| 9:20 | BTJ | ThC_Lobo · age_up feudal |
| 9:21 | FMG | Camilo · wall_segment Palisade Wall x1 |
| 9:21 | FMG | Sawasha Takohida · first_building Archery Range |
| 9:25 | |FMG| TINCHO · age_up feudal |
| 9:25 | BTJ | ThC_Lobo · first_building Archery Range |
| 9:38 | |FMG| TINCHO · first_building Archery Range |
| 9:45 | BTJ | Leoqueen · age_up feudal |
| 9:46 | tANKE · wall_segment Palisade Wall x1 |
| 9:48 | FMG | Camilo · wall_segment Palisade Wall x6 |
| 9:55 | FMG | Sawasha Takohida · wall_segment Palisade Wall x1 |
| 10:00 | BTJ | Leoqueen · first_building Archery Range |
| 10:00 | BTJ | fakin pons · age_up feudal |
| 10:05 | BTJ | fakin pons · first_building Stable |
| 10:05 | |FMG| twitch/JabsUY · wall_segment Palisade Wall x7 |
| 10:14 | FMG | Camilo · wall_segment Palisade Wall x5 |
| 10:21 | |FMG| TINCHO · wall_segment Palisade Wall x1 |
| 10:23 | |FMG| TINCHO · wall_segment Palisade Wall x1 |
| 10:24 | |FMG| TINCHO · wall_segment Palisade Wall x1 |
| 10:24 | |FMG| TINCHO · wall_segment Palisade Wall x1 |
| 10:27 | |FMG| TINCHO · wall_segment Palisade Wall x1 |
| 10:28 | |FMG| TINCHO · wall_segment Palisade Wall x1 |
| 10:50 | FMG | Sawasha Takohida · wall_segment Palisade Wall x3 |
| 10:54 | |FMG| TINCHO · wall_segment Palisade Wall x1 |
| 10:55 | |FMG| TINCHO · wall_segment Palisade Wall x1 |
| 10:56 | |FMG| TINCHO · wall_segment Palisade Wall x1 |
| 11:36 | FMG | Camilo · wall_segment Palisade Wall x10 |
| 11:48 | FMG | Sawasha Takohida · wall_segment Palisade Wall x8 |
| 11:48 | FMG | Camilo · wall_segment Palisade Wall x4 |
| 11:50 | FMG | Sawasha Takohida · wall_segment Palisade Wall x5 |
| 12:09 | FMG | Camilo · wall_segment Palisade Wall x1 |
| 12:11 | FMG | Camilo · wall_segment Palisade Wall x6 |
| 12:18 | BTJ | fakin pons · wall_segment Palisade Wall x1 |
| 13:03 | FMG | Sawasha Takohida · wall_segment Palisade Wall x6 |
| 13:12 | FMG | Camilo · wall_segment Palisade Wall x1 |
| 13:13 | FMG | Camilo · wall_segment Palisade Wall x5 |
| 13:42 | FMG | Camilo · wall_segment Palisade Wall x7 |
| 13:57 | |FMG| TINCHO · wall_segment Palisade Wall x4 |
| 14:06 | FMG | Sawasha Takohida · wall_segment Palisade Wall x7 |
| 14:09 | tANKE · wall_segment Palisade Wall x6 |
| 14:29 | FMG | Camilo · wall_segment Palisade Wall x1 |
| 14:35 | FMG | Camilo · wall_segment Palisade Wall x6 |
| 14:54 | BTJ | ThC_Lobo · wall_segment Palisade Wall x3 |
| 15:05 | BTJ | ThC_Lobo · wall_segment Palisade Wall x3 |
| 15:27 | BTJ | ThC_Lobo · wall_segment Palisade Wall x14 |
| 16:44 | tANKE · wall_segment Palisade Wall x7 |
| 16:55 | BTJ | ThC_Lobo · wall_segment Palisade Wall x4 |
| 18:01 | FMG | Sawasha Takohida · wall_segment Palisade Wall x3 |
| 18:02 | FMG | Sawasha Takohida · wall_segment Palisade Wall x3 |
| 18:03 | tANKE · wall_segment Palisade Wall x5 |
| 18:06 | BTJ | ThC_Lobo · wall_segment Palisade Wall x2 |
| 18:08 | FMG | Sawasha Takohida · first_market_buy 100 food |
| 18:17 | BTJ | ThC_Lobo · wall_segment Palisade Wall x1 |
| 18:42 | BTJ | fakin pons · wall_segment Palisade Wall x7 |
| 19:56 | tANKE · first_market_sell 100 wood |
| 20:08 | tANKE · wall_segment Palisade Wall x5 |
| 20:15 | |FMG| twitch/JabsUY · wall_segment Palisade Wall x4 |
| 20:17 | tANKE · first_market_buy 100 food |
| 20:40 | FMG | Camilo · age_up castle |
| 21:06 | |FMG| TINCHO · first_market_buy 100 wood |
| 21:07 | BTJ | Leoqueen · first_market_sell 100 wood |
| 22:00 | FMG | Sawasha Takohida · first_market_sell 100 wood |
| 22:15 | BTJ | fakin pons · wall_segment Palisade Wall x1 |
| 22:37 | BTJ | fakin pons · wall_segment Palisade Wall x13 |
| 23:10 | tANKE · age_up castle |
| 23:18 | BTJ | Leoqueen · wall_segment Palisade Wall x8 |
| 23:19 | BTJ | fakin pons · age_up castle |
| 23:29 | BTJ | ThC_Lobo · first_market_buy 100 food |
| 23:29 | |FMG| TINCHO · age_up castle |
| 23:39 | |FMG| twitch/JabsUY · first_market_sell 100 stone |
| 23:55 | BTJ | Leoqueen · age_up castle |
| 24:00 | BTJ | Leoqueen · first_market_buy 100 food |
| 24:21 | |FMG| twitch/JabsUY · age_up castle |
| 24:28 | |FMG| twitch/JabsUY · first_building Monastery |
| 24:30 | BTJ | fakin pons · first_building Siege Workshop |
| 24:49 | FMG | Sawasha Takohida · age_up castle |
| 25:17 | |FMG| TINCHO · first_market_sell 100 food |
| 26:12 | |FMG| twitch/JabsUY · wall_segment Palisade Wall x1 |
| 26:19 | |FMG| twitch/JabsUY · wall_segment Palisade Wall x1 |
| 26:21 | tANKE · resign |
[ AI ANALYSIS · 1 CREDIT ]
What really happened in this match?
Wolo.gg analyzes every decision: build order, eco, micro, common mistakes by bracket. Personalized analysis on WhatsApp or Discord in 30 seconds.
Civ guide
Persians
Perfil
Jugador #1780624